[Event "Marmaris Karya IM 2018"]
[Site "Marmaris"]
[Date "2018.06.28"]
[Round "3.1"]
[White "Can, Isik"]
[Black "Bagaturov, Giorgi"]
[Result "1-0"]
[ECO "C41"]
[WhiteElo "2396"]
[BlackElo "2397"]
[Annotator "RC"]
[PlyCount "55"]
[EventDate "2018.06.25"]
[EventCountry "TUR"]
[SourceTitle "playchess.com"]
[Source "ChessBase"]
[SourceQuality "1"]
[TimeControl "5400+30"]

1. e4 d6 2. d4 Nf6 3. Nc3 e5 4. Nf3 Nbd7 5. Bc4 Be7 6. O-O O-O 7. a4 a6 8. a5 exd4 9. Qxd4 Nc5 10. b4 Ne6 11. Qd3 c5 12. Ba3 cxb4 13. Bxb4 Qc7 14. Ba2 Re8 15. Nd2 Bd7 16. Nc4 Bc6 17. Nxd6 Bxd6 18. Bxd6 Qd7 19. Rad1 Rad8 20. Qe3 b5 21. f4 Qb7 22. f5 Nf8 23. e5 b4 24. Qb6 Rxd6 25. Rxd6 Rxe5 26. Rxc6 Qe7 27. Rxf6 gxf6 28. Nd5 1-0

[Event "Marmaris Karya IM 2018"]
[Site "Marmaris"]
[Date "2018.06.28"]
[Round "3.3"]
[White "Tanriverdi, Enes"]
[Black "Darban, Morteza"]
[Result "1/2-1/2"]
[ECO "A40"]
[WhiteElo "2281"]
[BlackElo "2312"]
[Annotator "ChessBase"]
[PlyCount "66"]
[EventDate "2018.06.25"]
[EventCountry "TUR"]
[SourceTitle "playchess.com"]
[Source "ChessBase"]
[SourceQuality "1"]
[TimeControl "5400+30"]

1. d4 e6 2. c4 Bb4+ 3. Nd2 Ne7 4. a3 Bxd2+ 5. Qxd2 d6 6. Nf3 Nd7 7. b4 f5 8. Bb2 Nf6 9. g3 a5 10. Bg2 axb4 11. axb4 Rxa1+ 12. Bxa1 b5 13. d5 e5 14. cxb5 h6 15. O-O O-O 16. Rd1 Bd7 17. b6 cxb6 18. Bxe5 Ne4 19. Qa2 dxe5 20. d6+ Kh7 21. dxe7 Qxe7 22. Qa7 Rf7 23. Bh3 Be6 24. Qa1 Qxb4 25. Qxe5 Qc5 26. Qxe6 Nxf2 27. Qxf7 Nxd1+ 28. Kh1 Ne3 29. Qe6 b5 30. Qe5 Qc1+ 31. Ng1 Qc6+ 32. Nf3 Qc1+ 33. Ng1 Qc6+ 1/2-1/2

[Event "Marmaris Karya IM 2018"]
[Site "Marmaris"]
[Date "2018.06.28"]
[Round "4.1"]
[White "Bivol, Alina"]
[Black "Can, Isik"]
[Result "1/2-1/2"]
[ECO "B18"]
[WhiteElo "2365"]
[BlackElo "2396"]
[Annotator "ChessBase"]
[PlyCount "62"]
[EventDate "2018.06.25"]
[EventCountry "TUR"]
[SourceTitle "playchess.com"]
[Source "ChessBase"]
[SourceQuality "1"]
[TimeControl "5400+30"]

1. e4 c6 2. d4 d5 3. Nc3 dxe4 4. Nxe4 Bf5 5. Ng3 Bg6 6. N1e2 Nf6 7. Nf4 e5 8. dxe5 Qa5+ 9. c3 Qxe5+ 10. Qe2 Nbd7 11. Nxg6 hxg6 12. Bf4 Qxe2+ 13. Bxe2 Bc5 14. Bf3 O-O-O 15. O-O Nb6 16. b3 Bd6 17. Bxd6 Rxd6 18. c4 Re6 19. Rfd1 Rd8 20. Kf1 Nbd7 21. h3 Ne5 22. Be2 c5 23. Rxd8+ Kxd8 24. f4 Nc6 25. Bf3 Kc7 26. Bxc6 Rxc6 27. Re1 Kd7 28. Rd1+ Ke7 29. Rd2 a6 30. Re2+ Kd7 31. Rd2+ Ke7 1/2-1/2

[Event "Marmaris Karya IM 2018"]
[Site "Marmaris"]
[Date "2018.06.28"]
[Round "4.2"]
[White "Darban, Morteza"]
[Black "Dedebas, Emre Emin"]
[Result "1-0"]
[ECO "E05"]
[WhiteElo "2312"]
[BlackElo "2336"]
[Annotator "ChessBase"]
[PlyCount "109"]
[EventDate "2018.06.25"]
[EventCountry "TUR"]
[SourceTitle "playchess.com"]
[Source "ChessBase"]
[SourceQuality "1"]
[TimeControl "5400+30"]

1. d4 Nf6 2. g3 e6 3. Bg2 d5 4. Nf3 Be7 5. O-O O-O 6. c4 dxc4 7. Qc2 a6 8. a4 Bd7 9. Rd1 Bc6 10. Nc3 Bxf3 11. Bxf3 Nc6 12. Bxc6 bxc6 13. Bg5 Rb8 14. Rab1 h6 15. Bxf6 Bxf6 16. Ne4 Rb4 17. e3 Be7 18. Nd2 c5 19. Nxc4 Qd5 20. b3 cxd4 21. Rxd4 Qc6 22. Rc1 Rfb8 23. Rd3 Qc5 24. Nd2 Qxc2 25. Rxc2 R8b7 26. Rd7 c5 27. Rxb7 Rxb7 28. Kf1 Kf8 29. Rc3 Ke8 30. Rd3 Rd7 31. Ke2 Rxd3 32. Kxd3 Kd7 33. Kc4 Kc6 34. Nf3 Bd6 35. e4 Bc7 36. h3 Bd6 37. Ne1 Be7 38. Nd3 Bd6 39. g4 g5 40. e5 Bf8 41. f4 gxf4 42. Nxf4 Be7 43. Nd3 Kb6 44. Ne1 Bf8 45. h4 Kc6 46. Nf3 Bg7 47. h5 f6 48. exf6 Bxf6 49. Nd2 Bg5 50. Ne4 Be3 51. a5 Bg1 52. g5 hxg5 53. Nxg5 Kd6 54. h6 Ke7 55. Nf3 1-0

[Event "Marmaris Karya IM 2018"]
[Site "Marmaris"]
[Date "2018.06.28"]
[Round "4.3"]
[White "Korneev, Oleg"]
[Black "Tanriverdi, Enes"]
[Result "1-0"]
[ECO "D02"]
[WhiteElo "2517"]
[BlackElo "2281"]
[Annotator "ChessBase"]
[PlyCount "109"]
[EventDate "2018.06.25"]
[EventCountry "TUR"]
[SourceTitle "playchess.com"]
[Source "ChessBase"]
[SourceQuality "1"]
[TimeControl "5400+30"]

1. d4 d5 2. Nf3 Nf6 3. Bf4 e6 4. e3 Bd6 5. Bg3 O-O 6. Nbd2 c5 7. c3 Nc6 8. Bb5 Ne7 9. Bd3 Ng6 10. Bxg6 hxg6 11. Bxd6 Qxd6 12. Ne5 b5 13. Nb3 c4 14. Nc5 a5 15. h4 b4 16. h5 g5 17. h6 g6 18. Qf3 Nh7 19. Nxc4 Qc7 20. Ne5 f6 21. Nxg6 Re8 22. Qh5 Qf7 23. f4 e5 24. fxe5 Bf5 25. Nf4 bxc3 26. bxc3 fxe5 27. Qxf7+ Kxf7 28. Nxd5 exd4 29. O-O Kg6 30. exd4 Re2 31. Rfe1 Rae8 32. Kf1 Bg4 33. Nd3 Kxh6 34. Ne5 Rf8+ 35. Kg1 Rxe1+ 36. Rxe1 Be6 37. Ne3 Nf6 38. c4 g4 39. d5 Bc8 40. d6 g3 41. Nd5 Nxd5 42. cxd5 Rf5 43. d7 Bxd7 44. Nxd7 Rxd5 45. Nf6 Rd2 46. Ne4 Rxa2 47. Nxg3 a4 48. Re5 Kg6 49. Ra5 Ra1+ 50. Kf2 a3 51. Ne2 Kf6 52. Nc3 Ke6 53. Nb5 a2 54. Nd4+ Kd6 55. Nc2 1-0

[Event "Marmaris Karya IM 2018"]
[Site "Marmaris"]
[Date "2018.06.28"]
[Round "4.5"]
[White "Bagaturov, Giorgi"]
[Black "Unat, Can Haktan"]
[Result "1-0"]
[ECO "D77"]
[WhiteElo "2397"]
[BlackElo "2047"]
[Annotator "ChessBase"]
[PlyCount "87"]
[EventDate "2018.06.25"]
[EventCountry "TUR"]
[SourceTitle "playchess.com"]
[Source "ChessBase"]
[SourceQuality "1"]
[TimeControl "5400+30"]

1. d4 Nf6 2. Nf3 g6 3. c4 Bg7 4. g3 d5 5. Bg2 O-O 6. O-O dxc4 7. Na3 c3 8. bxc3 c5 9. e3 Nc6 10. Bb2 Bf5 11. Qe2 Qb6 12. Rfd1 Rfd8 13. h3 Rac8 14. c4 Nb4 15. Ne1 Na6 16. d5 Ne4 17. Bxg7 Kxg7 18. Nb5 Nd6 19. e4 Bd7 20. Nxd6 exd6 21. Rab1 Qc7 22. Qb2+ Kg8 23. Qxb7 Qa5 24. Qxa7 Ba4 25. Rdc1 Ra8 26. Qe7 Nb4 27. Rb2 Be8 28. Bf1 Qa3 29. Rcb1 Nxa2 30. Rb3 Qa5 31. Ra1 Qd2 32. Ra3 Rxa3 33. Qxd8 Kf8 34. Qxd6+ Kg7 35. Qe5+ f6 36. Qxe8 Qb2 37. Qe7+ Kg8 38. Qxc5 Rc3 39. Rd1 Qb3 40. Qd4 Nc1 41. d6 Rxg3+ 42. fxg3 Qxg3+ 43. Ng2 Nb3 44. Qd3 1-0

[Event "Marmaris Karya IM 2018"]
[Site "Marmaris"]
[Date "2018.06.27"]
[Round "5.4"]
[White "Arda, Cagil Irmak"]
[Black "Bagaturov, Giorgi"]
[Result "0-1"]
[ECO "C10"]
[WhiteElo "2257"]
[BlackElo "2397"]
[Annotator "NA"]
[PlyCount "102"]
[EventDate "2018.06.25"]
[EventCountry "TUR"]
[SourceTitle "playchess.com"]
[Source "ChessBase"]
[SourceQuality "1"]
[TimeControl "5400+30"]

1. e4 e6 2. d4 d5 3. Nd2 dxe4 4. Nxe4 Nd7 5. Nf3 Ngf6 6. Bg5 Be7 {[%emt 0:00:30] LiveBook: 606 Games} 7. Nxf6+ Nxf6 8. Be2 O-O {[%emt 0:07:30] C10: French with 3 Nc3: Unusual Black 3rd moves and 3...dxe4} 9. O-O c5 (9... h6 10. Bh4 Nd5 {½-½ (10) Rios,C (2403)-Duran Vega,S (2360) Havana 2018}) 10. c3 Qc7 11. dxc5 Rd8 $146 ({Predecessor:} 11... Qxc5 12. Be3 Qc7 13. Bd4 Nd7 14. Qa4 e5 15. Be3 Nc5 16. Qc2 {½-½ (48) Petuchov,S-Pokorny,P Czechia 1996}) 12. Qa4 Bd7 13. Bb5 Bxb5 14. Qxb5 Qxc5 15. Qxc5 Bxc5 16. Rad1 Kf8 17. Ne5 Ke8 18. Nc4 b5 19. Na5 Rxd1 20. Rxd1 Ne4 21. Be3 Bxe3 22. fxe3 Rd8 23. Rxd8+ Kxd8 24. Kf1 Kc7 25. Ke2 f5 26. Nb3 e5 27. Nd2 Nc5 28. Nf3 Kd6 29. b3 Ne4 30. Kd3 Kd5 31. c4+ bxc4+ 32. bxc4+ Kd6 33. Nd2 Nxd2 34. Kxd2 Kc5 35. Kc3 g5 36. g3 h5 37. Kd3 Kb4 38. a3+ Kc5 39. Kc3 a5 40. Kd3 a4 41. h4 gxh4 42. gxh4 f4 43. exf4 exf4 $19 44. Ke4 Kxc4 45. Kxf4 Kb3 46. Kg5 Kxa3 47. Kxh5 Kb4 48. Kg6 a3 49. h5 a2 50. h6 a1=Q 51. Kh7 Qf6 0-1

[Event "Marmaris Karya IM 2018"]
[Site "Marmaris"]
[Date "2018.06.27"]
[Round "5.5"]
[White "Unat, Can Haktan"]
[Black "Bivol, Alina"]
[Result "0-1"]
[ECO "C01"]
[WhiteElo "2047"]
[BlackElo "2365"]
[Annotator "NA"]
[PlyCount "106"]
[EventDate "2018.06.25"]
[EventCountry "TUR"]
[SourceTitle "playchess.com"]
[Source "ChessBase"]
[SourceQuality "1"]
[TimeControl "5400+30"]

1. e4 e6 2. d4 d5 3. exd5 exd5 4. Nf3 Nf6 5. Bd3 c5 6. O-O c4 7. Re1+ Be7 8. Bf1 O-O {[%emt 0:00:00] C01: Französische Verteidigung (Abtauschvariante)} 9. Nc3 (9. Bg5) 9... Nc6 10. Ne5 h6 $146 ({Vorgänger:} 10... Qb6 11. Nxc6 {1-0 (11) Otikova,E (1928)-Kuechle,W (2048) Dresden 2014}) 11. g3 Bb4 12. Nxc6 bxc6 13. Bd2 Bg4 14. f3 Bh5 15. g4 Bg6 16. Ne2 Bd6 17. Bf4 Be7 (17... h5 $17 18. Bxd6 Qxd6) 18. Qd2 Nh7 19. Bg2 Qd7 20. Bg3 {[%emt 0:05:30] [#]} Rae8 ({Black should play} 20... f5 $1 $17 21. Nf4 Bg5) 21. h4 (21. Nf4 $11) 21... f5 22. Nf4 $1 Bf7 23. Bh3 Qb7 (23... g5 $17 24. hxg5 hxg5) 24. c3 ({White should play} 24. gxf5 $11 Qxb2 25. Rab1) 24... fxg4 25. Bxg4 Bd6 26. Qg2 Nf6 (26... Qb8 $15 27. Nh5 Bxg3 28. Nxg3 Nf6) 27. Bf5 Qb8 28. Qh2 Rxe1+ (28... c5 $17 29. dxc5 Bxc5+ 30. Kh1 Bd6) 29. Rxe1 Re8 30. Rf1 Qd8 31. Qf2 Qe7 (31... Qc7 $15 32. Qh2 c5) 32. Ne2 {[%emt 0:00:58] [#]} (32. Ng6 $11 {remains equal.} Bxg6 33. Bxg6) 32... Nh5 $1 33. Bxd6 Qxd6 34. Re1 Rb8 35. b4 cxb3 36. axb3 Rxb3 37. Qe3 Qf6 ({Not} 37... Rb2 38. Qe5 $17) 38. Nc1 Rb7 ({Less strong is} 38... Qxf5 39. Nxb3 Nf4 40. Qd2 $15) 39. Bc8 $2 (39. Qe5 Qxh4 40. Nd3) 39... Rb8 40. Be6 $2 (40. Bg4) 40... Bxe6 41. Qxe6+ Qxe6 42. Rxe6 Nf4 43. Re1 Rb2 44. Kf1 a5 45. Rd1 a4 46. Re1 Kf7 47. h5 a3 48. Rd1 a2 49. Nxa2 Rxa2 50. Rb1 Rc2 $19 51. Rb3 Nxh5 52. Ke1 Nf4 53. Kd1 Re2 0-1

[Event "Marmaris Karya IM 2018"]
[Site "Marmaris"]
[Date "2018.06.29"]
[Round "6.3"]
[White "Bagaturov, Giorgi"]
[Black "Tanriverdi, Enes"]
[Result "0-1"]
[ECO "E62"]
[WhiteElo "2397"]
[BlackElo "2281"]
[Annotator "ChessBase"]
[PlyCount "160"]
[EventDate "2018.06.25"]
[EventCountry "TUR"]
[SourceTitle "playchess.com"]
[Source "ChessBase"]
[SourceQuality "1"]
[TimeControl "5400+30"]

1. d4 Nf6 2. Nf3 g6 3. c4 Bg7 4. g3 O-O 5. Bg2 d6 6. Nc3 Nc6 7. O-O e5 8. d5 Nb8 9. c5 Na6 10. cxd6 cxd6 11. Nd2 Bd7 12. e4 Rc8 13. Nb3 b5 14. Qe2 Qb6 15. Be3 Qb8 16. Rfc1 Ng4 17. Bh3 h5 18. Na5 f5 19. Nc6 Rxc6 20. dxc6 Bxc6 21. a4 f4 22. Bxg4 fxe3 23. Be6+ Kh7 24. fxe3 b4 25. Nb1 Nc5 26. Nd2 Qb7 27. Nc4 Qe7 28. Bd5 Bxd5 29. exd5 Nb3 30. Rab1 Nxc1 31. Rxc1 e4 32. Rf1 Rxf1+ 33. Qxf1 Qg5 34. Qd1 h4 35. Kg2 Bf8 36. b3 Be7 37. g4 Kg8 38. h3 Qf6 39. Qf1 Qc3 40. Qd1 Kf7 41. Qb1 Kf8 42. Qf1+ Ke8 43. Qb1 Kd8 44. Qxe4 Qxb3 45. Na5 Qb2+ 46. Kf3 Qf6+ 47. Qf4 Kc7 48. Qxf6 Bxf6 49. Ke4 Kb6 50. Nb3 a5 51. Kd3 Be5 52. Kc4 Bf6 53. e4 Bc3 54. Nc1 Bf6 55. Nd3 g5 56. Ne1 b3 57. Kxb3 Kc5 58. Nf3 Be7 59. Kc3 Bf6+ 60. Kb3 Be7 61. Kc3 Bf6+ 62. Kd3 Kb4 63. Nd2 Kxa4 64. Kc4 Ka3 65. Kb5 a4 66. Nc4+ Kb3 67. Na5+ Kc2 68. Kxa4 Kd3 69. Kb5 Kxe4 70. Kc6 Kf3 71. Nc4 Kg3 72. Nxd6 Kxh3 73. Ne4 Be5 74. Nxg5+ Kxg4 75. Ne4 Kf3 76. Ng5+ Kf4 77. Nh3+ Kg3 78. Ng5 Bf4 79. Ne6 h3 80. Nxf4 Kxf4 0-1

[Event "Marmaris Karya IM 2018"]
[Site "Marmaris"]
[Date "2018.06.29"]
[Round "6.4"]
[White "Bivol, Alina"]
[Black "Arda, Cagil Irmak"]
[Result "1-0"]
[ECO "A30"]
[WhiteElo "2365"]
[BlackElo "2257"]
[Annotator "ChessBase"]
[PlyCount "76"]
[EventDate "2018.06.25"]
[EventCountry "TUR"]
[SourceTitle "playchess.com"]
[Source "ChessBase"]
[SourceQuality "1"]
[TimeControl "5400+30"]

1. Nf3 Nf6 2. g3 e6 3. Bg2 d5 4. O-O Be7 5. d3 c5 6. c4 Nc6 7. cxd5 Nxd5 8. Nc3 Nc7 9. Bf4 f6 10. Bxc7 Qxc7 11. d4 cxd4 12. Nxd4 Nxd4 13. Qxd4 O-O 14. Rac1 Rd8 15. Qe3 Bc5 16. Na4 Bxe3 17. Rxc7 Bh6 18. Bxb7 Bxb7 19. Rxb7 Rd4 20. Nc3 a5 21. a3 Rad8 22. Rb5 Rd2 23. Rb1 Ra8 24. e3 f5 25. Rd1 Rad8 26. Rxd2 Rxd2 27. Na4 Rd5 28. Rxd5 exd5 29. Nc3 d4 30. exd4 Bc1 31. Nd1 Kf7 32. Kf1 Ke6 33. Ke2 Kd5 34. Kd3 h5 35. a4 g5 36. Ne3+ Bxe3 37. fxe3 h4 38. gxh4 gxh4 1-0

[Event "Marmaris Karya IM 2018"]
[Site "Marmaris"]
[Date "2018.06.29"]
[Round "6.5"]
[White "Darban, Morteza"]
[Black "Unat, Can Haktan"]
[Result "1-0"]
[ECO "A16"]
[WhiteElo "2312"]
[BlackElo "2047"]
[Annotator "ChessBase"]
[PlyCount "123"]
[EventDate "2018.06.25"]
[EventCountry "TUR"]
[SourceTitle "playchess.com"]
[Source "ChessBase"]
[SourceQuality "1"]
[TimeControl "5400+30"]

1. c4 Nf6 2. Nc3 d5 3. cxd5 Nxd5 4. g3 g6 5. Bg2 Nb6 6. d3 Bg7 7. Be3 O-O 8. Qd2 Nc6 9. h4 Bf5 10. Bxc6 bxc6 11. Bh6 Qd6 12. Bxg7 Kxg7 13. h5 Rfd8 14. Nf3 Qf6 15. hxg6 Bxg6 16. Qh6+ Kg8 17. Nh4 Qg7 18. Nxg6 hxg6 19. Qxg7+ Kxg7 20. Ne4 Nd5 21. Kd2 Rab8 22. b3 a5 23. Nc5 Rb5 24. Rac1 Nb4 25. a4 Rbb8 26. Rh4 Nd5 27. Kc2 Nf6 28. Kb2 Rb6 29. Ne4 g5 30. Nxg5 Rdb8 31. Kc2 Rxb3 32. Kd2 Rb2+ 33. Rc2 Nd5 34. Nf3 c5 35. Rhc4 Rxc2+ 36. Rxc2 Rb4 37. Rxc5 Nb6 38. Rxa5 Nxa4 39. Ne1 Rb2+ 40. Nc2 Nb6 41. Kc1 Rb3 42. Nd4 Rb4 43. Nc6 Rg4 44. Nxe7 Kf8 45. Nf5 Ke8 46. e4 Kd7 47. f3 Rg6 48. Kd2 Nc8 49. Rd5+ Ke8 50. Rc5 Kd7 51. Ke3 Ra6 52. g4 Nb6 53. g5 c6 54. Nh6 Na4 55. Rf5 c5 56. Rxf7+ Ke8 57. Rf6 Ra7 58. Nf5 Rd7 59. g6 c4 60. dxc4 Nc5 61. g7 Rd3+ 62. Ke2 1-0

[Event "Marmaris Karya IM 2018"]
[Site "Marmaris"]
[Date "2018.06.29"]
[Round "7.2"]
[White "Dedebas, Emre Emin"]
[Black "Bagaturov, Giorgi"]
[Result "1/2-1/2"]
[ECO "E11"]
[WhiteElo "2336"]
[BlackElo "2397"]
[Annotator "ChessBase"]
[PlyCount "60"]
[EventDate "2018.06.25"]
[EventCountry "TUR"]
[SourceTitle "playchess.com"]
[Source "ChessBase"]
[SourceQuality "1"]
[TimeControl "5400+30"]

1. d4 Nf6 2. c4 e6 3. Nf3 Bb4+ 4. Nbd2 O-O 5. a3 Be7 6. e3 c5 7. dxc5 Bxc5 8. Be2 b6 9. O-O Bb7 10. b3 Be7 11. Bb2 d6 12. Nd4 Nc6 13. Bf3 Qd7 14. Nxc6 Bxc6 15. Bxc6 Qxc6 16. Qf3 Rac8 17. Rfd1 Rfd8 18. Rac1 Qxf3 19. Nxf3 Nd7 20. Nd2 Bf6 21. Bxf6 Nxf6 22. e4 Kf8 23. f3 Ke7 24. Kf2 Nd7 25. Ke3 Nc5 26. b4 Nd7 27. Rc2 Rc7 28. Rdc1 Rdc8 29. g3 Ne5 30. Kd4 Nc6+ 1/2-1/2

[Event "Marmaris Karya IM 2018"]
[Site "Marmaris"]
[Date "2018.06.28"]
[Round "7.2"]
[White "Dedebas, Emre Emin"]
[Black "Bagaturov, Giorgi"]
[Result "1/2-1/2"]
[ECO "E11"]
[WhiteElo "2336"]
[BlackElo "2397"]
[Annotator "NA"]
[PlyCount "60"]
[EventDate "2018.06.25"]
[EventCountry "TUR"]
[SourceTitle "playchess.com"]
[Source "ChessBase"]
[SourceQuality "1"]
[TimeControl "5400+30"]

1. d4 Nf6 2. c4 e6 3. Nf3 Bb4+ 4. Nbd2 O-O 5. a3 Be7 6. e3 c5 7. dxc5 {[%emt 0:01:30] E11: Bogo-Indian} Bxc5 (7... a5 8. e4 Nc6 9. e5 Ng4 10. Ne4 b6 11. Bf4 f6 12. exf6 Nxf6 13. Nxf6+ Bxf6 14. Bd6 Bxb2 {½-½ (37) Nguyen,N (2634)-Tomashevsky,E (2758) Baku 2015}) 8. Be2 b6 $146 ({Predecessor:} 8... d5 9. O-O Nc6 10. b4 Be7 11. Qc2 a5 12. b5 Nb8 13. Bb2 Nbd7 14. cxd5 Nxd5 {0-1 (62) Akhmedov,F (2246)-Guliev,L (2438) Baku 2008}) 9. O-O Bb7 10. b3 Be7 11. Bb2 d6 12. Nd4 Nc6 13. Bf3 Qd7 14. Nxc6 Bxc6 15. Bxc6 Qxc6 16. Qf3 Rac8 17. Rfd1 Rfd8 18. Rac1 Qxf3 19. Nxf3 Nd7 20. Nd2 Bf6 21. Bxf6 Nxf6 22. e4 Kf8 23. f3 Ke7 24. Kf2 Nd7 25. Ke3 Nc5 26. b4 Nd7 27. Rc2 Rc7 28. Rdc1 Rdc8 29. g3 Ne5 30. Kd4 $11 Nc6+ 1/2-1/2

[Event "Marmaris Karya IM 2018"]
[Site "Marmaris"]
[Date "2018.06.29"]
[Round "7.3"]
[White "Tanriverdi, Enes"]
[Black "Bivol, Alina"]
[Result "0-1"]
[ECO "D02"]
[WhiteElo "2281"]
[BlackElo "2365"]
[Annotator "ChessBase"]
[PlyCount "108"]
[EventDate "2018.06.25"]
[EventCountry "TUR"]
[SourceTitle "playchess.com"]
[Source "ChessBase"]
[SourceQuality "1"]
[TimeControl "5400+30"]

1. d4 Nc6 2. Nf3 d5 3. Bf4 Nf6 4. e3 g6 5. h3 Bg7 6. Nbd2 O-O 7. c3 Bf5 8. Bb5 Nb8 9. O-O Ne4 10. Be2 c6 11. a4 Nd7 12. a5 Nxd2 13. Nxd2 e5 14. dxe5 Nxe5 15. Nf3 Nxf3+ 16. Bxf3 Qe7 17. Qb3 Rfd8 18. Rfd1 Rac8 19. Qa3 Bf8 20. Qxe7 Bxe7 21. Rd2 Kg7 22. a6 b5 23. Bg4 Bxg4 24. hxg4 Kf6 25. Kf1 g5 26. Bg3 Bc5 27. Rad1 Re8 28. b4 Bb6 29. Rd3 Re4 30. f3 Rxe3 31. Rxe3 Bxe3 32. Bf2 Bxf2 33. Kxf2 Re8 34. Rh1 Kg6 35. g3 f6 36. Rd1 Re7 37. Rh1 h6 38. Rd1 f5 39. gxf5+ Kxf5 40. g4+ Kg6 41. Rh1 Re6 42. Rd1 Kf6 43. Rd3 Ke7 44. Kg3 Kd6 45. f4 gxf4+ 46. Kxf4 Rf6+ 47. Kg3 c5 48. Re3 cxb4 49. cxb4 d4 50. Re8 Kd5 51. Rc8 d3 52. Rc5+ Kd4 53. Rxb5 d2 54. Rb8 Rd6 0-1

[Event "Marmaris Karya IM 2018"]
[Site "Marmaris"]
[Date "2018.06.29"]
[Round "7.4"]
[White "Arda, Cagil Irmak"]
[Black "Darban, Morteza"]
[Result "0-1"]
[ECO "B40"]
[WhiteElo "2257"]
[BlackElo "2312"]
[Annotator "ChessBase"]
[PlyCount "112"]
[EventDate "2018.06.25"]
[EventCountry "TUR"]
[SourceTitle "playchess.com"]
[Source "ChessBase"]
[SourceQuality "1"]
[TimeControl "5400+30"]

1. e4 c5 2. Nf3 e6 3. c4 Nc6 4. Nc3 Qb6 5. d3 a6 6. Rb1 Nf6 7. h3 d6 8. Be3 Qa5 9. Qa4 Qc7 10. d4 cxd4 11. Nxd4 Be7 12. Be2 O-O 13. O-O Nxd4 14. Bxd4 b6 15. Qd1 Bb7 16. Qd3 Rac8 17. f4 Nd7 18. Rfd1 Rfd8 19. Rbc1 Bf6 20. Bf2 Nc5 21. Bxc5 dxc5 22. Qf3 Rxd1+ 23. Rxd1 Rd8 24. Rxd8+ Qxd8 25. Qd3 Bd4+ 26. Kh2 h6 27. g3 Qd7 28. Kg2 Bc6 29. Bf3 b5 30. b3 f6 31. Ne2 e5 32. Nxd4 Qxd4 33. Qxd4 cxd4 34. cxb5 Bxb5 35. fxe5 fxe5 36. b4 Kf7 37. Kf2 Ke7 38. Ke1 Kd6 39. Kd2 a5 40. a3 axb4 41. axb4 Bf1 42. h4 Kc6 43. Kc2 Kb5 44. Kb3 Bd3 45. Bg2 g5 46. hxg5 hxg5 47. Bf3 Bc4+ 48. Ka3 Bf1 49. Kb3 Bd3 50. Ka3 Kc4 51. Ka4 Bc2+ 52. Ka5 d3 53. b5 d2 54. b6 Bxe4 55. Bxe4 d1=Q 56. b7 Kc5 0-1

[Event "Marmaris Karya IM 2018"]
[Site "Marmaris"]
[Date "2018.06.29"]
[Round "8.1"]
[White "Bagaturov, Giorgi"]
[Black "Can, Isik"]
[Result "1/2-1/2"]
[ECO "E12"]
[WhiteElo "2397"]
[BlackElo "2396"]
[Annotator "ChessBase"]
[PlyCount "68"]
[EventDate "2018.06.25"]
[EventCountry "TUR"]
[SourceTitle "playchess.com"]
[Source "ChessBase"]
[SourceQuality "1"]
[TimeControl "5400+30"]

1. d4 Nf6 2. c4 e6 3. Nf3 b6 4. a3 Bb7 5. Nc3 d5 6. cxd5 Nxd5 7. Qc2 Nd7 8. Nxd5 exd5 9. Bg5 Qc8 10. g3 Bd6 11. Bh3 O-O 12. O-O Re8 13. Rac1 c6 14. Qf5 Nf8 15. Qxc8 Bxc8 16. Bxc8 Raxc8 17. Rc2 Ne6 18. Rfc1 c5 19. dxc5 bxc5 20. b4 a5 21. Be3 axb4 22. axb4 c4 23. Rd1 Nc7 24. Bb6 Na6 25. Ba5 Bxb4 26. Rxd5 c3 27. Ne5 Bxa5 28. Rxa5 Nb4 29. Rc1 Red8 30. Ra4 c2 31. Nd3 Nxd3 32. exd3 Rc3 33. Ra2 Rdc8 34. Kf1 Rxd3 1/2-1/2

[Event "Marmaris Karya IM 2018"]
[Site "Marmaris"]
[Date "2018.06.29"]
[Round "8.2"]
[White "Bivol, Alina"]
[Black "Dedebas, Emre Emin"]
[Result "1/2-1/2"]
[ECO "A07"]
[WhiteElo "2365"]
[BlackElo "2336"]
[Annotator "ChessBase"]
[PlyCount "39"]
[EventDate "2018.06.25"]
[EventCountry "TUR"]
[SourceTitle "playchess.com"]
[Source "ChessBase"]
[SourceQuality "1"]
[TimeControl "5400+30"]

1. Nf3 Nf6 2. g3 d5 3. Bg2 c6 4. O-O Bg4 5. d3 Nbd7 6. h3 Bh5 7. Qe1 e5 8. e4 dxe4 9. dxe4 Bc5 10. a4 a5 11. Na3 O-O 12. Nc4 Re8 13. Nh4 Bg6 14. Nf5 Qc7 15. c3 Nb6 16. Nce3 Nbd7 17. Nc4 Nb6 18. Nce3 Nbd7 19. Nc4 Nb6 20. Nce3 1/2-1/2

[Event "Marmaris Karya IM 2018"]
[Site "Marmaris"]
[Date "2018.06.28"]
[Round "8.3"]
[White "Darban, Morteza"]
[Black "Tanriverdi, Enes"]
[Result "1/2-1/2"]
[ECO "B22"]
[WhiteElo "2312"]
[BlackElo "2281"]
[Annotator "NA"]
[PlyCount "125"]
[EventDate "2018.06.25"]
[EventCountry "TUR"]
[SourceTitle "playchess.com"]
[Source "ChessBase"]
[SourceQuality "1"]
[TimeControl "5400+30"]

1. e4 c5 2. Nf3 e6 3. c3 d5 4. exd5 Qxd5 5. d4 Nf6 6. Be3 {[%emt 0:01:00] LiveBook: 955 Games} cxd4 7. cxd4 Bb4+ 8. Nc3 {[%emt 0:00:00] B22: Sicilian: 2 c3} O-O 9. Bd3 (9. Be2 Nbd7 10. O-O Bxc3 11. bxc3 b6 12. Nd2 Qd6 13. Bf3 Rb8 14. c4 Bb7 15. Bxb7 Rxb7 {1-0 (36) Finkel,A (2511)-Navara,D (2725) Tallinn 2016}) 9... b6 10. O-O Bxc3 11. bxc3 Ba6 12. Bxa6 Nxa6 13. Qa4 Qb7 {[%emt 0:02:30] [#]} 14. Rfd1 $146 ({Predecessor:} 14. c4 Nb8 15. Rfd1 Nbd7 {½-½ (15) Vajda,L (2581)-Banusz,T (2621) Zalakaros 2016}) 14... Nb8 15. Qb3 Nbd7 16. a4 $11 Ne4 17. c4 Rac8 18. Bf4 Ndf6 19. h3 Rfd8 20. a5 h6 21. Rdc1 g5 22. Be3 Nd6 23. c5 Nf5 24. axb6 axb6 25. Qxb6 Qxb6 26. cxb6 Rxc1+ 27. Rxc1 Rb8 28. Rb1 Nd5 29. b7 Nd6 30. h4 f6 31. hxg5 hxg5 32. Bxg5 fxg5 33. Nxg5 Rxb7 34. Rxb7 Nxb7 35. Nxe6 Nd6 36. Kf1 Kf7 37. Nd8+ Ke7 38. Nc6+ Kd7 39. Na5 Ke6 40. Ke2 Ne7 41. g4 Kd5 42. Ke3 Nef5+ 43. gxf5 Nxf5+ 44. Kf4 Nxd4 45. Nb7 Ne6+ 46. Kf5 Ng7+ 47. Kg4 Ne6 48. Na5 Ke5 49. Nc6+ Kf6 50. Nb4 Ke5 51. Nc2 Kf6 52. Ne3 Ke5 53. Nf1 Kf6 54. Ng3 Ke5 55. Nh5 Ke4 56. Nf6+ Ke5 57. Nh7 Ke4 58. f3+ Ke5 59. Ng5 Ng7 60. Ne4 Nh5 61. Kxh5 Kf5 62. Kh6 Kf4 63. Kg6 1/2-1/2

[Event "Marmaris Karya IM 2018"]
[Site "Marmaris"]
[Date "2018.06.30"]
[Round "9.1"]
[White "Can, Isik"]
[Black "Bivol, Alina"]
[Result "0-1"]
[ECO "C10"]
[WhiteElo "2396"]
[BlackElo "2365"]
[Annotator "ChessBase"]
[PlyCount "92"]
[EventDate "2018.06.25"]
[EventCountry "TUR"]
[SourceTitle "playchess.com"]
[Source "ChessBase"]
[SourceQuality "1"]
[TimeControl "5400+30"]

1. e4 e6 2. d4 d5 3. Nc3 Nc6 4. Nf3 Nf6 5. Ne2 Nxe4 6. Ng3 f5 7. Nh5 g6 8. Nf4 Be7 9. h4 O-O 10. c3 a5 11. Bd3 Nb8 12. g4 fxg4 13. Bxe4 dxe4 14. Ng5 Bxg5 15. hxg5 Qe7 16. Be3 c5 17. Qxg4 cxd4 18. cxd4 Nc6 19. O-O-O Nb4 20. Kb1 Nd5 21. Ne2 a4 22. Rc1 Bd7 23. Ng3 Bb5 24. Nxe4 Bd3+ 25. Ka1 Bxe4 26. Qxe4 a3 27. b3 Rac8 28. Qd3 Nb4 29. Qd2 Nd5 30. Qd3 Nb4 31. Qe4 Nd5 32. Rc4 Nb6 33. Rcc1 Nd5 34. Rc4 Nb6 35. Rc5 Rxc5 36. dxc5 Nd5 37. Qc4 Qc7 38. Qe4 Nxe3 39. Qxe3 Rf3 40. Qd4 Rd3 41. Qf4 Qxc5 42. Kb1 Qd5 43. Qc1 Qe4 44. Ka1 Qe5+ 45. Kb1 Rc3 46. Qd1 Rc8 0-1